 Dungeon Crawl Stone Soup version 0.20.0 (webtiles) character file.

211 FakerFangirl the Cudgeler (level 5, -1/45 HPs)
             Began as a Draconian Fighter on May 25, 2017.
             Slain by an adder (2 damage)
             ... on level 4 of the Dungeon.
             The game lasted 00:02:55 (3315 turns).

FakerFangirl the Cudgeler (Draconian Fighter)       Turns: 3315, Time: 00:02:56

Health: -1/45      AC:  5    Str: 18    XL:     5   Next: 57%
Magic:  5/5        EV: 10    Int:  8    God:
Gold:   258        SH:  9    Dex: 12    Spells: 4/4 levels left

rFire    . . .     SeeInvis .   Y - +0 flail
rCold    . . .     Gourm    .   b - +0 shield
rNeg     . . .     Faith    .   (armour unavailable)
rPois    .         Spirit   .   (helmet restricted)
rElec    .         Reflect  .   (no cloak)
rCorr    .         Harm     .   (no gloves)
MR       +....                  (no boots)
Stlth    +.........             (no amulet)
Regen    0.2/turn               k - ring of protection from magic
MPRegen  0.1/turn               (no ring)

@: lethally poisoned (-1 -> -4)
A: unfitting armour, cold-blooded, AC +5
a: no special abilities


You were on level 4 of the Dungeon.
You were not hungry.

You visited 1 branch of the dungeon, and saw 4 of its levels.

You collected 258 gold pieces.


Innate Abilities, Weirdness & Mutations

Your plain brown scales are hard. (AC +5)
You cannot fit into any form of body armour.
You are cold-blooded and may be slowed by cold attacks.


   Skills:
 - Level 3.2 Fighting
 + Level 5.9 Maces & Flails
 - Level 2.6 Dodging
 - Level 3.0 Shields


You had 4 spell levels left.
You didn't know any spells.

Inventory:

Hand Weapons
 Y - a +0 flail (weapon)
Armour
 b - a +0 shield (worn)
Jewellery
 e - an uncursed ring of poison resistance {unknown}
 k - a ring of protection from magic (left hand)
Scrolls
 h - a scroll of identify
Potions
 a - 2 potions of lignification {unknown}
 c - a potion of might
 f - a potion of mutation {unknown}
 g - a potion of agility {unknown}
 m - 2 potions of heal wounds {unknown}
Comestibles
 d - 4 chunks of flesh
 i - a meat ration
 l - 3 bread rations

Dungeon Overview and Level Annotations

Branches:
Dungeon (4/15)
 Temple: D:4-7

Altars:


Message History

The ogre is almost dead.
You feel sick. The adder misses you. You block the ogre's attack.
You hit the ogre.
You kill the ogre!
You have reached level 5!
You feel sick. The adder closely misses you.
The adder bites you but does no damage.
You completely miss the adder. You tail-slap the adder.
The adder is moderately wounded.
The adder barely misses you. You block the adder's attack.
You closely miss the adder.
The adder is moderately wounded.
You feel sick. The adder completely misses you.
You closely miss the adder.
The adder is moderately wounded.
You feel sick.
The adder bites you but does no damage. x2
You miss the adder.
The adder is moderately wounded.
The adder bites you.
You die...

+.. ..........#
#.###### ..........#
#......#
..........####......#
.....<.....
#.......#### ........
..###........ ....(
.........#### #)S##
######.#.# # #@.#
#.#.# ....##..####
#.#.## #........#
#.#..# ######...##
#..#.# .
#....#####.#.##.
###.............
#.#..###......
#.##.###.....<
#.##.##....###


You could see an adder.

Vanquished Creatures
  An ogre (D:4)
  A worker ant (D:3)
  3 adders
  An ooze (D:3)
  2 worms
  3 dart slugs
  2 leopard geckos (D:3)
  An orc (D:4)
  2 ball pythons
  2 giant cockroaches
  8 goblins
  6 hobgoblins
  6 jackals (D:1)
  9 bats
  3 frilled lizards
  3 kobolds
  3 rats
56 creatures vanquished.

Notes
Turn   | Place    | Note
-------+----------+-------------------------------------------
     0 | D:1      | FakerFangirl the Draconian Fighter began the quest for the Orb.
     0 | D:1      | Reached XP level 1. HP: 19/19 MP: 1/1
     0 | D:1      | 0 ||| counter = 9
    65 | D:1      | Reached XP level 2. HP: 9/26 MP: 2/2
   385 | D:1      | 385 ||| Stepping ~*~*~tactically~*~*~ (outnumbered).
   386 | D:1      | Reached skill level 3 in Maces & Flails
   747 | D:1      | Reached XP level 3. HP: 31/31 MP: 3/3
  1042 | D:1      | 1042 ||| READING scroll labeled PEEGOGR ACZOTU.
  1043 | D:1      | 1043 ||| READING scroll labeled XODGHIT JONAC.
  1044 | D:1      | 1044 ||| READING scroll labeled ANAEFR TECUMN.
  1045 | D:1      | 1045 ||| READING scroll labeled CEECALYGAF.
  1119 | D:2      | HP: 4/31 [worm (8)]
  1123 | D:2      | Reached skill level 4 in Maces & Flails
  1506 | D:2      | Found a faded altar of an unknown god.
  1529 | D:2      | 1529 ||| EATING 4 bread rations.
  1974 | D:2      | 1974 ||| READING 2 scrolls labeled DUASAR ONUQU.
  1975 | D:2      | 1975 ||| READING scroll labeled ZEKIFYITIRU.
  1976 | D:2      | 1976 ||| READING scroll labeled YDGHOL ZAZ QOQ.
  1977 | D:2      | 1977 ||| DROPPING scroll of fear.
  2253 | D:3      | Reached XP level 4. HP: 38/38 MP: 4/4
  2339 | D:3      | HP: 9/38 [leopard gecko (3)]
  2825 | D:3      | Reached skill level 5 in Maces & Flails
  3145 | D:3      | 3145 ||| READING scroll labeled OZI JUBOAL.
  3146 | D:3      | 3146 ||| READING scroll labeled NUWKIN WAREYKYE.
  3149 | D:3      | 3149 ||| READING scroll labeled HANTYCUKES.
  3150 | D:3      | 3150 ||| DRINKING 2 murky ruby potions.
  3179 | D:3      | 3179 ||| READING scroll of identify.
  3179 | D:3      | 3179 ||| IDENTIFYING garnet ring
  3180 | D:3      | 3180 ||| UPGRADING to ring of protection from magic.
  3181 | D:3      | 3181 ||| DROPPING potion of berserk rage.
  3214 | D:4      | 3214 ||| EATING royal jelly.
  3298 | D:4      | Noticed an ogre
  3307 | D:4      | HP: 7/38 [adder (5)]
  3310 | D:4      | HP: 3/38 [poisoned by an adder]
  3311 | D:4      | Killed an ogre
  3311 | D:4      | Reached XP level 5. HP: 3/45 MP: 5/5
  3314 | D:4      | HP: 1/45 [poisoned by an adder]
  3315 | D:4      | Slain by an adder

Vault maps used:
D:1:      sevenhm_arrival_forest_fort_large_4
D:2:      chequers_ecumenical_altar_simple, first_bread
D:3:      minmay_misc_feat_doors
D:4:      gammafunk_temple_overflow_elements, grunt_dithmenos_smoke_and_mirrors,
          uniq_menkaure

Skill      XL: |  1  2  3  4 |
---------------+-------------+-----
Maces & Flails | 3 4 5 |  5.9
Fighting       | |  3.2
Dodging        | |  2.6
Shields        | |  3.0

Action                   |  1- 3 |  4- 6 || total
-------------------------+-------+-------++-------
Melee: Flail             |   122 |    65 ||   187
       Tailslap          |    12 |     7 ||    19
  Use: Scroll            |     7 |     4 ||    11
       Potion            |       |     1 ||     1
  Eat: Chunk             |     1 |     1 ||     2
       Bread ration      |     1 |       ||     1
       Royal jelly       |       |     1 ||     1
Armor: Skin              |    37 |    12 ||    49
Dodge: Dodged            |    95 |    31 ||   126
Block: Shield            |    62 |    30 ||    92
